 Dungeon Crawl Stone Soup version 0.28.0-47-ge53b351184 (webtiles) character file.

Game seed: 139527505266961082

2 Cak3Hol3 the Caller (level 1, 0/13 HPs)
             Began as a Merfolk Summoner on May 4, 2022.
             Frozen to death by an endoplasm (4 damage)
             ... on level 1 of the Dungeon.
             The game lasted 00:02:15 (255 turns).

Cak3Hol3 the Caller (Merfolk Summoner)               Turns: 255, Time: 00:02:15

Health: 0/13       AC:  2    Str:  8    XL:     1   Next: 40%
Magic:  2/3        EV: 12    Int: 14    God:
Gold:   26         SH:  0    Dex: 14    Spells: 3/4 levels left

rFire   . . .      SeeInvis .   (no weapon)
rCold   . . .      Faith    .   (no shield)
rNeg    . . .      Spirit   .   a - +0 robe
rPois   .          Reflect  .   (no helmet)
rElec   .          Harm     .   (no cloak)
rCorr   .          Rampage  .   (no gloves)
Will    .....                   (no boots)
Stlth   ++........              (no amulet)
HPRegen 0.04/turn               (no ring)
MPRegen 0.08/turn               (no ring)

@: no status effects
A: (nimble swimmer 2), mertail
a: no special abilities


You were on level 1 of the Dungeon.
You visited 1 branch of the dungeon, and saw 1 of its levels.

You collected 26 gold pieces.

Inventory:

Missiles
 d - 2 poisoned darts
Armour
 a - a +0 robe (worn)
Scrolls
 b - a scroll of enchant armour {unknown}
 c - a scroll of identify {unknown}


   Skills:
 + Level 2.6 Dodging
 + Level 2.2 Stealth
 + Level 2.0 Spellcasting
 * Level 4.1 Summonings


You had 3 spell levels left.
You knew the following spells:

 Your Spells              Type           Power      Damage    Failure   Level
a - Summon Small Mammal   Summ           48%        N/A       4%          1

Your spell library contained the following spells:

 Spells                   Type           Power      Damage    Failure   Level
 Call Imp                 Summ           12%        N/A       7%          2
 Call Canine Familiar     Summ           12%        N/A       13%         3
 Summon Guardian Golem    Hex/Summ       7%         N/A       30%         3
 Summon Lightning Spire   Summ/Air       7%         N/A       71%         4


Dungeon Overview and Level Annotations

Branches:
Dungeon (1/15)

Altars:


Innate Abilities, Weirdness & Mutations

((You are very nimble when in or above water. (Stealth+, EV+, Speed+++)))
Your lower body shifts to a powerful aquatic tail in water.


Message History

The bat is moderately wounded.
The bat barely misses you. x2
You hit the bat.
The bat is severely wounded.
The bat hits you. The bat hits you but does no damage.
The bat closely misses you. The bat misses you. The bat hits you.
The bat barely misses you.
An endoplasm comes into view.
The bat misses you. The bat barely misses you. The bat closely misses you.
You barely miss the bat.
The bat is moderately wounded.
The endoplasm quivers.
The bat misses you. The bat barely misses you.
You hit the bat but do no damage.
The bat is moderately wounded.
The bat hits you but does no damage. The bat hits you.
The bat barely misses you. The bat barely misses you.
Casting: Summon Small Mammal (safe; 4% risk of failure)
Press: ? - help, Q - select action, (/) - cycle Dir - look around, f - activate The bat hits you but does no damage.
You swap places.
The bat barely misses you.
Your bat hits the bat but does no damage.
The bat hits you. The bat misses you. The bat closely misses you.
You hit the bat.
The bat is moderately wounded.
The bat closely misses you. The bat misses you.
The endoplasm barely misses you.
You hit the bat but do no damage. The bat hits you. The bat closely misses you.
The endoplasm freezes you.
You are frozen.
You closely miss the bat. The bat barely misses you. The endoplasm hits you.
You hit the bat but do no damage. The bat hits you but does no damage.
The endoplasm freezes you.
You are frozen.
You die...

##..... ...... #....##
..... .... ..# # #+#.#
.# #####.#J####.#
######.......@....####
#...........b##......#
#.............+.?.!..#
#......########......#
#......# #......#
#......# .........
####......# .........
..........# .........
.########## ..........


You could see an endoplasm and a friendly bat (summoned).

Vanquished Creatures
  A rat (D:1)
1 creature vanquished.

Vanquished Creatures (collateral kills)
  A frilled lizard (D:1)
  2 rats (D:1)
3 creatures vanquished.

Grand Total: 4 creatures vanquished

Notes
Turn   | Place    | Note
-------+----------+-------------------------------------------
     0 | D:1      | Cak3Hol3 the Merfolk Summoner began the quest for the Orb.
     0 | D:1      | Reached XP level 1. HP: 13/13 MP: 3/3
   255 | D:1      | Frozen to death by an endoplasm

Illustrated notes

Levels and vault maps discovered:
D:1:      heliophobic_arrival_battle_scene, layout_basic,
          dilly_ecumenical_altar_fadedgnrine, interstate_on_off,
          minmay_distorted

Action                   || total
-------------------------++-------
Melee: Unarmed           ||    18
       Punch             ||     1
 Cast: Summon Small Mamm ||     6
Armor: Robe              ||    11
Dodge: Dodged            ||    35
